[Event "Early-Titled-Tuesday-Blitz-May-28-2024"]
[Site "Chess.com"]
[Date "2024.05.28"]
[Round "10"]
[White "JeFumeDesClopes"]
[Black "yobdc"]
[Result "1-0"]
[WhiteElo "2710"]
[BlackElo "2537"]
[TimeControl "180+1"]
[EndTime "9:57:23 PDT"]
[Termination "JeFumeDesClopes won by resignation"]

1. Nf3 Nf6 2. g3 g6 3. Bg2 Bg7 4. O-O O-O 5. c4 d6 6. Nc3 Nc6 7. Rb1 a5 8. a3 e5 9. d3 h6 10. b4 axb4 11. axb4 Be6 12. b5 Ne7 13. Bb2 Qd7 14. Nd2 Bh3 15. Bxb7 Rab8 16. Bg2 Nh7 17.
Ra1 Ng5 18. Ra7 Rfc8 19. Nde4 Bxg2 20. Kxg2 Qh3+ 21. Kg1 Nf5 22. Nxg5 hxg5 23. Ne4 g4 24. Bc1 Ra8 25. b6 Rxa7 26. bxa7 Ra8 27. Ng5 Qh5 28. Qa4 Bf6 29. Qc6 Rxa7 30. Qe8+ Kg7 31. Qxf7+ Kh8 32.
Qxf6+ 1-0

[Event "Early-Titled-Tuesday-Blitz-May-28-2024"]
[Site "Chess.com"]
[Date "2024.05.28"]
[Round "10"]
[White "FGHSMN"]
[Black "GOGIEFF"]
[Result "1-0"]
[WhiteElo "2934"]
[BlackElo "3010"]
[TimeControl "180+1"]
[EndTime "9:57:24 PDT"]
[Termination "FGHSMN won by resignation"]

1. e4 c5 2. Nf3 Nc6 3. Nc3 d6 4. d4 cxd4 5. Nxd4 Nf6 6. Be2 e5 7. Nxc6 bxc6 8. Qd3 Be7 9. Qg3 O-O 10. O-O Be6 11. f4 exf4 12. Bxf4 Qb6+ 13. Kh1 Qxb2 14. Rab1 Qxc2 15. Bh6 g6 16. Rfc1 Nxe4 17. Qe1 Qxc3 18. Rxc3 Rfe8 19. Re3 d5 20. Bf3 Bf5 21. g4 Be6 22.
Bxe4 dxe4 23. Qc3 f6 24. g5 Bf7 25. gxf6 Bd6 26. Qxc6 Red8 27. Rd1 Be5 28. Rxd8+ Rxd8 29. Kg2 Bd5 30. Qc5 Bxf6 31. Qxa7 Bf7 32. Bf4 g5 33.
Bc7 Rd2+ 34. Kg1 Kg7 35. Qb8 Rb2 36. Bb6 Kg6 37. Qd6 Rxa2 38. Bd4 1-0

[Event "Early-Titled-Tuesday-Blitz-May-28-2024"]
[Site "Chess.com"]
[Date "2024.05.28"]
[Round "10"]
[White "shimastream"]
[Black "MarkusRagger"]
[Result "1-0"]
[WhiteElo "3029"]
[BlackElo "2807"]
[TimeControl "180+1"]
[EndTime "9:57:24 PDT"]
[Termination "shimastream won by resignation"]

1. e4 e5 2. Nf3 Nc6 3. Nc3 Nf6 4. h3 d5 5. exd5 Nxd5 6. Bb5 Nxc3 7. bxc3 Bd6 8. O-O O-O 9. Re1 Qf6 10. d4 exd4 11.
cxd4 h6 12. Rb1 Bf5 13. Bf1 b6 14. Bb2 Ne7 15. d5 Qg6 16. Nh4 Qg5 17. Nxf5 Nxf5 18. Re4 h5 19. Bc1 Qf6 20. Qxh5 Bc5 21. Rf4 g6 22.
Qg4 Qg7 23. Bb2 f6 24. Bd3 Ne7 25. Re1 Bd6 26. Rf3 Rf7 27. Re6 Raf8 28. c4 f5 29.
Bxg7 fxg4 30. Rxf7 Rxf7 31. Bd4 gxh3 32. gxh3 Kh7 33. Kg2 Nf5 34. Bxf5 Rxf5 35. Re4 a5 36. a4 Kg8 37. Be3 Kf7 38. f4 Rh5 39. Kg3 Rf5 40. Kg4 Rh5 41. Bd4 Rf5 42. Be5 Bxe5 43. fxe5 Ke7 44. e6 Rf1 45. Rf4 Ra1 46. Rf7+ Ke8 47.
Rxc7 Rxa4 48. d6 1-0

[Event "Early-Titled-Tuesday-Blitz-May-28-2024"]
[Site "Chess.com"]
[Date "2024.05.28"]
[Round "10"]
[White "Veleamater"]
[Black "sergeikim"]
[Result "0-1"]
[WhiteElo "2445"]
[BlackElo "2614"]
[TimeControl "180+1"]
[EndTime "9:57:24 PDT"]
[Termination "sergeikim won by resignation"]

1. g3 Nf6 2. Bg2 g6 3. d3 d6 4.
Nc3 Bg7 5. e4 O-O 6. f4 c5 7. h3 Nc6 8. g4 e6 9. Nf3 Rb8 10. O-O b5 11. Ne2 Ne8 12. Ng3 Nc7 13. h4 Nd4 14. c3 Nxf3+ 15. Qxf3 Qxh4 16. Rf2 f5 17. g5 Bb7 18. Bd2 c4 19. Re1 Rbe8 20.
Qe3 cxd3 21. Qxa7 Qxg3 22. Qxb7 Rf7 23. Qc6 Rd8 24. exf5 gxf5 25. Re3 Qg4 26. Rxd3 Nd5 27. Kh2 Ne7 28. Qc7 Rdf8 29. Qxd6 Ng6 30. Rg3 Qh4+ 31.
Bh3 e5 32. Qd5 exf4 33. Rgf3 Ne5 34. Rxf4 Ng4+ 35. Rxg4 fxg4 36. Rxf7 Rxf7 37. Qd8+ Bf8 0-1

[Event "Early-Titled-Tuesday-Blitz-May-28-2024"]
[Site "Chess.com"]
[Date "2024.05.28"]
[Round "10"]
[White "Likvidator228"]
[Black "ChessShop"]
[Result "1-0"]
[WhiteElo "2534"]
[BlackElo "2645"]
[TimeControl "180+1"]
[EndTime "9:57:24 PDT"]
[Termination "Likvidator228 won by resignation"]

1. d4 d6 2. c4 e5 3. Nf3 Nd7 4. Nc3 Be7 5. e4 Ngf6 6. Be2 O-O 7. h3 c6 8. O-O a6 9. Be3 b5 10. c5 Qc7 11. cxd6 Bxd6 12. a3 Re8 13. d5 c5 14.
Rc1 h6 15. Nd2 Qb8 16. Bg4 c4 17. Bxd7 Nxd7 18. Qh5 Bc5 19. Rce1 Qd6 20. Kh1 Nf6 21. Qh4 Nh7 22. f4 Bxe3 23. Rxe3 Bd7 24. Ref3 f6 25.
Rg3 Kh8 26. fxe5 Rxe5 27. Nf3 Rae8 28. Nxe5 Rxe5 29. Qf4 a5 30. Ne2 Qe7 31. Re3 Ng5 32. Nd4 Nxe4 33. Rfe1 f5 34. g4 g5 35. Qf3 Rxd5 36.
Nxf5 Bxf5 37. gxf5 Rxf5 38. Qxe4 Qxe4+ 39. Rxe4 Rf2 40. R1e2 Rf3 41. R4e3 Rf4 42. Kg2 b4 43. axb4 axb4 44. Re4 1-0

[Event "Early-Titled-Tuesday-Blitz-May-28-2024"]
[Site "Chess.com"]
[Date "2024.05.28"]
[Round "10"]
[White "Cheer_Down"]
[Black "luggevoila"]
[Result "0-1"]
[WhiteElo "2453"]
[BlackElo "2358"]
[TimeControl "180+1"]
[EndTime "9:57:25 PDT"]
[Termination "luggevoila won by resignation"]

1. e4 e5 2. Nf3 Nc6 3. Bc4 Nf6 4. d3 Bc5 5. c3 d6 6. O-O a5 7. Re1 Ba7 8. Nbd2 O-O 9. h3 Ne7 10. Nf1 Ng6 11. Ng3 c6 12. Bb3 h6 13. d4 Qe7 14.
Nf5 Qc7 15. Ng3 Re8 16. Be3 exd4 17. Bxd4 Bxd4 18. Nxd4 Bd7 19. a4 Rad8 20. Qf3 Ne5 21. Qf4 Nd3 22. Qh4 Nxe1 23. Rxe1 d5 24. Ndf5 Bxf5 25.
Nxf5 Rxe4 26. Rxe4 Nxe4 27. Qg4 Qe5 28. Nxh6+ Kf8 29.
Nf5 g6 30. Ne3 Kg7 31. Bc2 Nf6 32. Qf3 d4 33. cxd4 Rxd4 34. Bb3 Rb4 35. Nc4 Qe1+ 36. Kh2 Qc1 37. Nd6 Rf4 38. Qc3 Qxc3 39. bxc3 Nd5 40. Nxb7 Rxf2 41. Nxa5 Ne3 42. Nxc6 Rxg2+ 43. Kh1 Rb2 44. Nd4 Nf1 45. a5 Ng3+ 46. Kg1 Ne2+ 47. Nxe2 Rxb3 48. Nd4 Ra3 49. Nc6 Rxc3 50. a6 Rxc6 0-1

[Event "Early-Titled-Tuesday-Blitz-May-28-2024"]
[Site "Chess.com"]
[Date "2024.05.28"]
[Round "10"]
[White "Resignify"]
[Black "alex1531"]
[Result "1-0"]
[WhiteElo "2329"]
[BlackElo "2432"]
[TimeControl "180+1"]
[EndTime "9:57:26 PDT"]
[Termination "Resignify won by resignation"]

1. e4 c5 2. Nc3 e6 3. g3 a6 4. Bg2 b5 5. d3 Bb7 6. f4 Nc6 7. Nf3 d6 8. O-O Nf6 9. h3 Be7 10. g4 b4 11. Na4 Nd7 12. Be3 Qa5 13. b3 Bf6 14. Rb1 Nb6 15. Nxb6 Qxb6 16. g5 Bc3 17. Nd2 Na5 18. Nc4 Nxc4 19. bxc4 Qa5 20. Qe2 Qxa2 21.
e5 Bxg2 22. Qxg2 O-O 23. exd6 Qa5 24. f5 exf5 25. Rxf5 Rac8 26. Qd5 Rce8 27. Bxc5 Re2 28. d7 Qa2 29. Qxf7+ 1-0

[Event "Early-Titled-Tuesday-Blitz-May-28-2024"]
[Site "Chess.com"]
[Date "2024.05.28"]
[Round "10"]
[White "Konavets"]
[Black "Grischuk"]
[Result "0-1"]
[WhiteElo "3076"]
[BlackElo "3129"]
[TimeControl "180+1"]
[EndTime "9:57:27 PDT"]
[Termination "Grischuk won on time"]

1. e4 e5 2. Nf3 Nc6 3. Bc4 Bc5 4. c3 Nf6 5. d3 d6 6. O-O a6 7. a4 h6 8. Re1 Ba7 9. Nbd2 g5 10. b4 Ne7 11.
Nf1 Ng6 12. Be3 Bxe3 13. Nxe3 g4 14. Nd2 h5 15. d4 h4 16. Qb3 Rh7 17. Rad1 Kf8 18.
Ndf1 h3 19. g3 Nxe4 20. Bd3 Ng5 21. Nd2 Be6 22. Qb1 Qf6 23. dxe5 Nxe5 24. Bxh7 Nef3+ 25. Kh1 Nxe1 26. Rxe1 Qxf2 27. Ne4 Bd5 28. c4 Bxe4+ 29. Bxe4 Nxe4 0-1

[Event "Early-Titled-Tuesday-Blitz-May-28-2024"]
[Site "Chess.com"]
[Date "2024.05.28"]
[Round "10"]
[White "patzer-reloaded"]
[Black "AldokhinIvan"]
[Result "0-1"]
[WhiteElo "2483"]
[BlackElo "2622"]
[TimeControl "180+1"]
[EndTime "9:57:29 PDT"]
[Termination "AldokhinIvan won by resignation"]

1. d3 d5 2. Nf3 Nf6 3. g3 c5 4. Bg2 Nc6 5. O-O Bg4 6. c4 d4 7. a3 a5 8. e3 e6 9. exd4 cxd4 10. Qa4 Qd7 11. b4 Be7 12. b5 Bxf3 13. Bxf3 Ne5 14. Be2 h5 15. Bf4 Ng6 16. Bg5 h4 17. Nd2 e5 18.
Bxf6 gxf6 19. Bf3 f5 20. Bg2 hxg3 21. hxg3 f4 22. Ne4 f5 23. c5 fxe4 24. c6 Qg4 25. cxb7 Rb8 26. b6+ Kf7 27. Qc4+ Kg7 28. Bxe4 f3 29. Qc6 Rh1+ 0-1

[Event "Early-Titled-Tuesday-Blitz-May-28-2024"]
[Site "Chess.com"]
[Date "2024.05.28"]
[Round "10"]
[White "noblerone"]
[Black "BashirliSaadat"]
[Result "1-0"]
[WhiteElo "2527"]
[BlackElo "2371"]
[TimeControl "180+1"]
[EndTime "9:57:29 PDT"]
[Termination "noblerone won by checkmate"]

1. d4 d5 2. Nf3 e6 3. c3 c5 4. Bg5 Be7 5. Bxe7 Nxe7 6. e3 cxd4 7. exd4 Nbc6 8. Bd3 Ng6 9. g3 O-O 10. h4 Re8 11. h5 Nf8 12. Ne5 f6 13. Nxc6 bxc6 14. O-O e5 15. Re1 e4 16. Bf1 f5 17. c4 Be6 18.
cxd5 cxd5 19. Nc3 Qg5 20. Nb5 f4 21. Nc7 fxg3 22. Nxe8 gxf2+ 23. Kxf2 Rxe8 24. Bg2 Nd7 25. Qc1 Qh4+ 26. Kg1 Nf6 27. Qc6 Bd7 28. Qd6 Qxh5 29. Rf1 e3 30. Rxf6 e2 31. Bxd5+ Kh8 32. Rf8+ Rxf8 33.
Qxf8# 1-0

[Event "Early-Titled-Tuesday-Blitz-May-28-2024"]
[Site "Chess.com"]
[Date "2024.05.28"]
[Round "10"]
[White "WolfBaoBaoLang"]
[Black "Masterbeaterr"]
[Result "1/2-1/2"]
[WhiteElo "2115"]
[BlackElo "2464"]
[TimeControl "180+1"]
[EndTime "9:57:29 PDT"]
[Termination "Game drawn by repetition"]

1. e4 e5 2. Nc3 Nf6 3. f4 d5 4.
fxe5 Nxe4 5. Qf3 Nc6 6. Bb5 Nxc3 7. dxc3 Be6 8. Bf4 Be7 9. O-O-O O-O 10. h4 Qd7 11. Qg3 Rfd8 12. Nf3 a6 13. Bd3 Bf5 14. h5 Bxd3 15. cxd3 d4 16. h6 g6 17.
c4 Qf5 18. Rhe1 Re8 19. Kb1 Rad8 20. e6 fxe6 21. Bxc7 Rc8 22. Be5 Rcd8 23. Bg7 Bb4 24. Rf1 Bd6 25. Qh4 Be7 26. Qg3 Qa5 27. Ne5 Nxe5 28. Bxe5 Rf8 29. Rh1 Rf5 30. Bg7 Bf6 31.
Bxf6 Rxf6 32. Rde1 Rdf8 33. Qg4 Qb6 34. Re5 Rf2 35.
Qxe6+ Qxe6 36. Rxe6 Rxg2 37. Re7 b5 38. Rhe1 bxc4 39.
dxc4 d3 40. Rg7+ Kh8 41. Rf7 Rd8 42. Ref1 Kg8 43. Rg7+ Kh8 44. Rd7 Rb8 45. Rb7 Rd8 46. Rd7 Rb8 47. Rb7 Rd8 48. Rd7 1/2-1/2

[Event "Early-Titled-Tuesday-Blitz-May-28-2024"]
[Site "Chess.com"]
[Date "2024.05.28"]
[Round "10"]
[White "CarlosjPineror"]
[Black "TigrVShlyape"]
[Result "1/2-1/2"]
[WhiteElo "2768"]
[BlackElo "2915"]
[TimeControl "180+1"]
[EndTime "9:57:33 PDT"]
[Termination "Game drawn - insufficient material"]

1. e4 e5 2. Nf3 Nc6 3. Bb5 Nf6 4. d4 Nxd4 5. Nxd4 exd4 6. Qxd4 c6 7. Be2 Qb6 8. Qd3 d5 9. exd5 Nxd5 10. O-O Be7 11.
Nc3 Nxc3 12. Qxc3 O-O 13. Be3 Qb4 14. Qxb4 Bxb4 15. c3 Be7 16. Rad1 Be6 17. b3 a5 18. Bc4 Bxc4 19. bxc4 b5 20. Rd7 Bf6 21. cxb5 cxb5 22. Bd4 Bxd4 23. cxd4 Rfd8 24. Rxd8+ Rxd8 25. Rd1 Kf8 26. f3 Ke7 27. Kf2 Rc8 28. Ke3 Rc3+ 29. Ke4 Kd6 30. Rd2 b4 31. h4 a4 32. Rb2 b3 33.
axb3 Rxb3 34. Rc2 Rb8 35. Ra2 Ra8 36. Ra3 h5 37. g4 g6 38. g5 Ra5 39. f4 Ke6 40. d5+ Kd6 41. f5 Ra8 42. f6 Ra5 43.
Kd4 Rxd5+ 44. Kc3 Ra5 45. Kb4 Ra7 46. Rxa4 Rxa4+ 47. Kxa4 Ke5 48. Kb5 Kf5 49. Kc6 Kg4 50.
Kd7 Kxh4 51. Ke7 Kxg5 52. Kxf7 h4 53. Kg7 h3 54. f7 h2 55. f8=Q h1=Q 56. Qf6+ Kg4 57.
Qxg6+ Kf4 58. Qh6+ Qxh6+ 59. Kxh6 1/2-1/2

[Event "Early-Titled-Tuesday-Blitz-May-28-2024"]
[Site "Chess.com"]
[Date "2024.05.28"]
[Round "10"]
[White "Lady_Nika"]
[Black "Meri-Arabidze"]
[Result "0-1"]
[WhiteElo "2532"]
[BlackElo "2697"]
[TimeControl "180+1"]
[EndTime "9:57:35 PDT"]
[Termination "Meri-Arabidze won by checkmate"]

1. e4 c5 2. Nc3 Nc6 3. g3 g6 4. Bg2 Bg7 5. d3 d6 6. f4 Nf6 7.
Nf3 O-O 8. O-O Rb8 9. Rb1 b5 10. Ne2 b4 11. h3 a5 12. Be3 Ba6 13. g4 c4 14. Ng3 b3 15. axb3 cxd3 16. cxd3 Nb4 17. Ne1 Nd7 18. Rf2 Nc5 19. Bf1 Nc6 20.
d4 Bxf1 21. dxc5 Ba6 22. Rd2 Qc7 23. cxd6 exd6 24. Rxd6 Rfd8 25. Rxd8+ Rxd8 26. Qc2 Qb7 27. Rd1 Rc8 28. Rc1 Qb5 29. Qf2 Qxb3 30. e5 Qb4 31.
Nf3 Bb7 32. Nd4 Nxd4 33. Rxc8+ Bxc8 34. Bxd4 Bb7 35. Bc3 Qb3 36. Bxa5 Bf8 37. Bc3 Qd5 38. Bd4 Bb4 39. Kf1 Qc4+ 40. Ne2 Qd3 41. Qe3 Qd1+ 42. Kf2 Qe1# 0-1

[Event "Early-Titled-Tuesday-Blitz-May-28-2024"]
[Site "Chess.com"]
[Date "2024.05.28"]
[Round "10"]
[White "Kildepiotr"]
[Black "CristianS27"]
[Result "1-0"]
[WhiteElo "2740"]
[BlackElo "2545"]
[TimeControl "180+1"]
[EndTime "9:57:37 PDT"]
[Termination "Kildepiotr won by resignation"]

1. Nf3 Nf6 2. g3 g6 3. Bg2 Bg7 4. O-O O-O 5. d4 d6 6. Nbd2 Nc6 7. e4 e5 8. dxe5 dxe5 9. c3 a5 10. Qe2 b6 11. Rd1 Ba6 12. Qe1 Qe7 13. Bf1 Bxf1 14. Nxf1 Rfd8 15. Bg5 h6 16. Bxf6 Bxf6 17. Ne3 Qe6 18.
Nd5 Rac8 19. Qe2 Ne7 20. c4 Nxd5 21. cxd5 Qe8 22. Qa6 Qa4 23. Nd2 Bg5 24. Qc4 Qd7 25.
Nf1 c6 26. Qa6 cxd5 27. Rxd5 Qe6 28. h4 Be7 29. Rad1 Rxd5 30. exd5 Qh3 31. d6 Bd8 32. Qb5 Kg7 33. Qxe5+ Bf6 34. Qe4 Bxb2 35. Ne3 Rd8 36.
Nc4 Bf6 37. Nxb6 Qe6 38. Qxe6 fxe6 39. a4 Kf7 40. Nc4 Bc3 41. Rd3 Bb4 42. Rf3+ Ke8 43. Rf6 Kd7 44. Rxg6 Bxd6 45. Nxa5 Ra8 46. Nc4 Be7 47.
Nb6+ 1-0

[Event "Early-Titled-Tuesday-Blitz-May-28-2024"]
[Site "Chess.com"]
[Date "2024.05.28"]
[Round "10"]
[White "MdChess1734"]
[Black "Sofia_Blokhin"]
[Result "1-0"]
[WhiteElo "2416"]
[BlackElo "2258"]
[TimeControl "180+1"]
[EndTime "9:57:37 PDT"]
[Termination "MdChess1734 won by checkmate"]

1. e4 c5 2. Nf3 e6 3. d4 cxd4 4. Nxd4 a6 5. Bd3 Nf6 6. O-O Qc7 7. Qe2 Bd6 8. Kh1 Nc6 9. Nxc6 dxc6 10. f4 e5 11. Nd2 O-O 12. Nf3 Bg4 13. f5 b5 14. Qf2 Bxf3 15. Qxf3 h6 16. g4 Nh7 17. h4 Be7 18. Qg3 Qd8 19. g5 hxg5 20. Rg1 f6 21.
Be3 Qe8 22. Rg2 g6 23. Rh2 gxf5 24. exf5 Qf7 25. hxg5 Nxg5 26. Rg1 Qg7 27. Bxg5 fxg5 28. Be4 Qf6 29. Qh3 Kf7 30. Qh5+ Kg7 31. Qh7# 1-0

[Event "Early-Titled-Tuesday-Blitz-May-28-2024"]
[Site "Chess.com"]
[Date "2024.05.28"]
[Round "10"]
[White "missponyo10"]
[Black "FischerKasparow"]
[Result "1-0"]
[WhiteElo "2254"]
[BlackElo "2105"]
[TimeControl "180+1"]
[EndTime "9:57:37 PDT"]
[Termination "missponyo10 won on time"]

1. e4 c5 2. Nf3 d6 3. d4 Nf6 4.
dxc5 Nxe4 5. cxd6 Nc6 6. Bd3 Nxd6 7.
O-O Bf5 8. Nc3 Bxd3 9. Qxd3 g6 10. Bf4 Qa5 11. Bxd6 exd6 12. Rfe1+ Kd7 13. a3 Bg7 14.
Rad1 Rad8 15. b4 Qc7 16. Nb5 Qb8 17. Nxd6 Kc7 18. Nb5+ Kc8 19. Qc4 Rxd1 20. Rxd1 a6 21. Nd6+ Kc7 22. Qxf7+ Kb6 23. Qxg7 Rd8 24. Qf6 Qc7 25.
Nc4+ Ka7 26. Rxd8 Nxd8 27. Qd4+ Kb8 28. h3 Nc6 29. Qd5 Qf4 30. Nb6 Qc1+ 31. Kh2 Qxc2 32. Nd7+ Kc7 33. Nde5 Qxf2 34. Nxc6 bxc6 35. Qe5+ Kb6 36.
Qd4+ Qxd4 37. Nxd4 a5 38. Kg3 axb4 39. axb4 c5 40.
bxc5+ Kxc5 41. Ne6+ Kd6 42. Nf8 Ke7 43. Nxh7 Kf7 44. Ng5+ Kf6 45. Kg4 Kg7 46. h4 Kh6 47.
Kf4 Kg7 48. g4 Kf6 49. Ne4+ 1-0

[Event "Early-Titled-Tuesday-Blitz-May-28-2024"]
[Site "Chess.com"]
[Date "2024.05.28"]
[Round "10"]
[White "Karttunen"]
[Black "verrbaa"]
[Result "1-0"]
[WhiteElo "2651"]
[BlackElo "2470"]
[TimeControl "180+1"]
[EndTime "9:57:40 PDT"]
[Termination "Karttunen won on time"]

1. e4 c5 2. Nf3 e6 3. d4 cxd4 4.
Nxd4 Nc6 5. Nc3 Qc7 6. Be3 a6 7. Qf3 Nf6 8. O-O-O Ne5 9. Qg3 b5 10. f4 Neg4 11. Bg1 h5 12. e5 b4 13. Na4 Nd5 14. h3 Nh6 15. f5 Bb7 16. Bd3 Be7 17. Kb1 O-O 18. Bf2 h4 19. Qh2 exf5 20. Nxf5 Nxf5 21. Bxf5 Bc6 22. Rxd5 Bxd5 23. Nb6 Qb7 24. Nxa8 Rxa8 25. Rd1 a5 26. Qf4 a4 27. Bxh4 Bf8 28. Bf6 b3 29. Qh4 bxc2+ 30. Kxc2 Bb3+ 31. Kb1 Bxa2+ 32. Ka1 1-0

[Event "Early-Titled-Tuesday-Blitz-May-28-2024"]
[Site "Chess.com"]
[Date "2024.05.28"]
[Round "10"]
[White "Goryachkina"]
[Black "Slovineanu"]
[Result "1-0"]
[WhiteElo "2682"]
[BlackElo "2529"]
[TimeControl "180+1"]
[EndTime "9:57:40 PDT"]
[Termination "Goryachkina won by resignation"]

1. e4 c6 2. d4 d5 3. e5 Bf5 4. Nd2 e6 5. Nb3 Nd7 6. Nf3 a6 7. Be2 h6 8. O-O c5 9. c3 Ne7 10. Be3 cxd4 11. cxd4 Nc6 12. Ne1 Be7 13. Bd3 Bxd3 14. Nxd3 O-O 15. Qh5 Nb6 16. Rad1 Nc4 17. Bc1 a5 18. Qg4 Kh7 19. Nf4 a4 20.
Nd2 Nxd2 21. Rxd2 Bg5 22. Rd3 Bxf4 23. Bxf4 f5 24. exf6 Qxf6 25. Bg3 Qg6 26. Qe2 Rac8 27. a3 Na5 28. Re3 Rc6 29. Be5 Rc2 30. Qe1 Rf5 31. Rg3 Rg5 32. Rxg5 Qxg5 33. Qxa5 Rxb2 34.
Qxa4 Qd2 35. Qd7 Qg5 36. Qxe6 1-0

[Event "Early-Titled-Tuesday-Blitz-May-28-2024"]
[Site "Chess.com"]
[Date "2024.05.28"]
[Round "10"]
[White "DarZay"]
[Black "eltenedor"]
[Result "1-0"]
[WhiteElo "2312"]
[BlackElo "2200"]
[TimeControl "180+1"]
[EndTime "9:57:40 PDT"]
[Termination "DarZay won by resignation"]

1. e4 b6 2. d4 Bb7 3. e5 d6 4. f4 dxe5 5. fxe5 e6 6. Nf3 Ne7 7. c3 Nf5 8. Bd3 Nh4 9. O-O Nxf3+ 10. gxf3 Be7 11. Qc2 Bg5 12. Nd2 Be3+ 13. Kh1 Qh4 14.
Ne4 Bxc1 15. Raxc1 O-O 16. Qg2 Nd7 17. Rg1 Qh6 18.
Ng5 f5 19. Bc4 Bd5 20. Bxd5 exd5 21. f4 c6 22. Rce1 Rfe8 23. e6 Nf8 24. e7 Ng6 25. Qc2 Nxe7 26. Re6 Qh4 27. Rge1 Qxf4 28. Qg2 Ng6 29.
Rxe8+ Rxe8 30. Rxe8+ Nf8 31. Rxf8+ Kxf8 32. Ne6+ 1-0

[Event "Early-Titled-Tuesday-Blitz-May-28-2024"]
[Site "Chess.com"]
[Date "2024.05.28"]
[Round "10"]
[White "mishanick"]
[Black "Abund"]
[Result "1-0"]
[WhiteElo "3040"]
[BlackElo "2810"]
[TimeControl "180+1"]
[EndTime "9:57:41 PDT"]
[Termination "mishanick won by resignation"]

1. d4 d5 2. c4 e6 3. Nc3 Nf6 4. Bg5 dxc4 5. e3 c5 6. Bxc4 cxd4 7. Qxd4 Qxd4 8. exd4 Nbd7 9. Nf3 Be7 10. O-O-O O-O 11. Rhe1 a6 12. Bb3 b5 13. d5 Nc5 14. dxe6 Bxe6 15.
Bxe6 Nxe6 16. Nd4 Nxg5 17. Rxe7 Rfe8 18. Rde1 Kf8 19. Rxe8+ Rxe8 20. Rxe8+ Kxe8 21. Nc6 Nge4 22. Nxe4 Nxe4 23. f3 Nd6 24. Kc2 Nb7 25. Kc3 Nd8 26. Nxd8 Kxd8 27. Kd4 Kd7 28. Kd5 h5 29. h4 Kc7 30. Kc5 f6 31. g4 g6 32. gxh5 gxh5 33.
f4 Kd7 34. f5 Kc7 35. b4 Kd7 36. Kb6 Kd6 37. Kxa6 Ke5 38. Kxb5 Kxf5 39. a4 Kg4 40.
a5 f5 41. a6 f4 42. a7 f3 43. a8=Q Kg3 44. Kc4 1-0

[Event "Early-Titled-Tuesday-Blitz-May-28-2024"]
[Site "Chess.com"]
[Date "2024.05.28"]
[Round "10"]
[White "ThetNaung291"]
[Black "KatakuriDono"]
[Result "1/2-1/2"]
[WhiteElo "2343"]
[BlackElo "2273"]
[TimeControl "180+1"]
[EndTime "9:57:42 PDT"]
[Termination "Game drawn by repetition"]

1. d4 d5 2. c4 dxc4 3. e4 Nc6 4.
d5 Ne5 5. f4 Nd3+ 6. Bxd3 cxd3 7.
Qxd3 e6 8. Nc3 exd5 9. Qxd5 Qxd5 10. Nxd5 Bd6 11. Ne2 Ne7 12. Nec3 c6 13. Nxe7 Kxe7 14. Be3 Be6 15. Kf2 Rhd8 16. Rhd1 a5 17. a3 Bc7 18. Bc5+ Ke8 19. g3 Bg4 20. Rxd8+ Rxd8 21. Ke3 f6 22. Na4 Bd1 23. Nb6 Kf7 24. b4 a4 25. Rc1 Bb3 26.
h4 h5 27. Nc4 Bxc4 28. Rxc4 Rd1 29. Bd4 Rb1 30. b5 Rxb5 31. Rxa4 Bb6 32. Bxb6 Rxb6 33. Rb4 Rxb4 34. axb4 b6 35. Kd4 Ke6 36. Kc4 Kd6 37. Kd4 Ke6 38. Kc4 Kd6 39. Kd4 Ke6 1/2-1/2

[Event "Early-Titled-Tuesday-Blitz-May-28-2024"]
[Site "Chess.com"]
[Date "2024.05.28"]
[Round "10"]
[White "ClauAmura"]
[Black "agvega14"]
[Result "1-0"]
[WhiteElo "2412"]
[BlackElo "2256"]
[TimeControl "180+1"]
[EndTime "9:57:44 PDT"]
[Termination "ClauAmura won by resignation"]

1. d4 d5 2. Bg5 h6 3. Bh4 c6 4. c3 Qb6 5. Qb3 Bf5 6. Nd2 e6 7. f3 Nd7 8. e4 Bh7 9. Bd3 Ngf6 10. Ne2 Be7 11. O-O Qxb3 12. axb3 g5 13. Bg3 Nh5 14. Bf2 O-O 15. b4 a6 16. Nb3 Bd8 17. Nc5 Nxc5 18. bxc5 Bc7 19. h4 Kg7 20. Be3 Nf4 21. Bxf4 gxf4 22. Kf2 f6 23. Rad1 Rad8 24. exd5 exd5 25. Bxh7 Kxh7 26. h5 Rde8 27. Rh1 Re3 28. Rh4 Rfe8 29.
Rd2 Kg7 30. Nxf4 Bxf4 31. Rxf4 Re1 32. Rg4+ Kh7 33. Rg6 R8e6 34. Rxf6 Rxf6 35. Kxe1 Rf5 36. Re2 Rxh5 37. Re7+ Kg6 38. Rxb7 Rh1+ 39. Kf2 Rb1 40. Rb6 Kf5 41. Kg3 h5 42. b4 Rb3 43.
Rxa6 Rxc3 44. Rxc6 Rc4 45. b5 Rxd4 46. b6 Rb4 47.
Rc7 d4 48. b7 d3 49. Rd7 d2 50.
c6 h4+ 51. Kf2 Rb2 52. Ke2 d1=Q+ 53. Kxd1 Rxg2 54. b8=Q h3 55. Qf8+ 1-0

[Event "Early-Titled-Tuesday-Blitz-May-28-2024"]
[Site "Chess.com"]
[Date "2024.05.28"]
[Round "10"]
[White "ZachHKL"]
[Black "GlavkonVVS"]
[Result "0-1"]
[WhiteElo "2368"]
[BlackElo "2576"]
[TimeControl "180+1"]
[EndTime "9:57:45 PDT"]
[Termination "GlavkonVVS won by checkmate"]

1. c4 Nf6 2. g3 c5 3. Bg2 Nc6 4.
Nf3 g6 5. O-O Bg7 6. Nc3 O-O 7.
d3 d6 8. Qd2 a6 9. b3 Rb8 10. Bb2 b5 11. Rad1 Bg4 12. Ng5 Qc8 13. Nd5 Nxd5 14. cxd5 Nd4 15. Rfe1 h6 16. Ne4 Bd7 17. e3 Nf5 18. Bxg7 Kxg7 19. Rc1 Qd8 20. b4 cxb4 21. Qxb4 a5 22. Qb2+ f6 23. Nd2 Qb6 24. Nf3 h5 25. e4 Nh6 26. Nd4 Rfc8 27. Rxc8 Rxc8 28. Rb1 Ng4 29. Bh3 b4 30. a3 Rb8 31.
f3 Ne5 32. Bxd7 Nxf3+ 33. Kg2 Nxd4 34. axb4 axb4 35. Rc1 b3 36. Rc4 Nc2 37. Rc3 Ne3+ 38. Kf3 Nd1 39. Qa1 Qe3+ 40. Kg2 Qd2+ 41. Kh3 Nf2+ 42.
Kg2 Nxe4+ 43. Kh3 Ng5+ 44. Kh4 Qxh2+ 45. Bh3 Qxh3# 0-1

[Event "Early-Titled-Tuesday-Blitz-May-28-2024"]
[Site "Chess.com"]
[Date "2024.05.28"]
[Round "10"]
[White "KNVB"]
[Black "crescentmoon2411"]
[Result "0-1"]
[WhiteElo "2771"]
[BlackElo "2903"]
[TimeControl "180+1"]
[EndTime "9:57:46 PDT"]
[Termination "crescentmoon2411 won on time"]

1. d4 d5 2. Bf4 e6 3. e3 Bd6 4. Nd2 Bxf4 5. exf4 c5 6. dxc5 Nd7 7. Ngf3 Nxc5 8. g3 Nf6 9. Nb3 Nce4 10. Bd3 Qb6 11. O-O Bd7 12. Qe2 O-O 13. Rab1 a5 14. Nbd4 Rfc8 15. Rfe1 a4 16. a3 Rc7 17. Kg2 Rac8 18. c3 Bc6 19. Rbd1 Re8 20. Ne5 Nc5 21. Bb1 Rce7 22. h4 Nfd7 23. Qh5 Nf8 24. Rd2 f6 25. Nef3 g6 26. Qh6 e5 27. fxe5 fxe5 28. Rde2 Qc7 29. Nxc6 bxc6 30. h5 e4 31. Nd4 Nce6 32. hxg6 Nxd4 33.
cxd4 Nxg6 34. Rh1 Rg7 35. Kf1 Rf8 36. Ba2 Qxg3 37. Ke1 Qf4 38. Qxf4 Nxf4 39. Rc2 Nd3+ 40. Kd2 Rxf2+ 41. Kc3 Rxc2+ 42. Kxc2 Rg2+ 43. Kc3 Rxb2 44. Bb1 Rb3+ 45. Kd2 Rxa3 46. Bc2 Nb4 47. Bd1 Rd3+ 48.
Ke2 a3 49. Rg1+ Kf7 50. Ba4 a2 51. Ra1 Rxd4 52. Ke3 c5 53. Kf4 Kf6 54. Rh1 Nd3+ 55. Kg4 Rxa4 56. Rh6+ Ke5 57. Rh5+ Kd4 58. Rh1 a1=Q 0-1

[Event "Early-Titled-Tuesday-Blitz-May-28-2024"]
[Site "Chess.com"]
[Date "2024.05.28"]
[Round "10"]
[White "David_George21"]
[Black "Glidzhian_Gor"]
[Result "1-0"]
[WhiteElo "2422"]
[BlackElo "2532"]
[TimeControl "180+1"]
[EndTime "9:57:46 PDT"]
[Termination "David_George21 won on time"]

1. e4 e5 2. Nf3 Nc6 3. Bb5 f5 4. exf5 e4 5. Bxc6 dxc6 6. Ne5 Bxf5 7. O-O Bd6 8. d4 Nf6 9. Qe2 Qe7 10. Nc4 O-O-O 11.
Nxd6+ Rxd6 12. c3 h5 13. Bf4 Re6 14. Nd2 Nd5 15. Be5 h4 16. h3 Rxe5 17. dxe5 Qxe5 18. Nc4 Qe6 19. Ne3 Nf4 20. Qc4 Qg6 21. Kh2 Be6 22.
Qc5 Bd5 23. Qxa7 Rh5 24. Rad1 Rg5 25. Rg1 Qe6 26. Ng4 Rxg4 27. hxg4 Qxg4 28. c4 Ne2 29. cxd5 Qf4+ 30. Kh1 Ng3+ 31. fxg3 hxg3 32. Qa8+ Kd7 33. dxc6+ Kxc6 34. Qe8+ Kb6 35. Qh5 Ka7 36. Rd5 b6 37.
Rd7 Kb7 38. Rxg7 e3 39. Qf3+ Qxf3 40. gxf3 e2 41. Re1 g2+ 42. Rxg2 c5 43. Rgxe2 b5 44.
f4 c4 45. f5 b4 46. f6 c3 47. bxc3 b3 48. axb3 1-0